 Dungeon Sprint DCSS version 0.20.1-1-g8b1a95d (webtiles) character file.

13795 groucho the Imperceptible (level 11, -12/58 HPs)
             Began as a Spriggan Fighter on Nov 25, 2017.
             Was an Elder of Uskayaw.
             Killed from afar by a fire dragon (illusionary) (35 damage)
             ... with a blast of flame
             ... in the Dungeon (Sprint IX: "|||||||||||||||||||||||||||||").
             The game lasted 00:09:26 (2623 turns).

groucho the Imperceptible (Spriggan Fighter)        Turns: 2623, Time: 00:09:28

Health: -12/58     AC:  7    Str: 12    XL:     11   Next: 80%
Magic:  12/21      EV: 34    Int: 10    God:    Uskayaw [****..]
Gold:   1900       SH:  9    Dex: 22    Spells: 8/10 levels left

rFire    . . .     SeeInvis +   p - +4 rapier (speed)
rCold    . . .     Gourm    .   c - +0 buckler
rNeg     . . .     Faith    .   z - +1 robe
rPois    .         Spirit   .   (helmet restricted)
rElec    .         Reflect  .   D - +1 cloak
rCorr    .         Harm     .   (gloves unavailable)
MR       +....     NoTele   +   (boots unavailable)
Stlth    ++++++++..             B - amulet of magic regeneration
Regen    0.2/turn               q - +2 ring of protection
MPRegen  0.3/turn               r - +3 ring of dexterity

@: very quick
A: unfitting armour, see invisible, herbivore 3, speed 3, slow metabolism 2
a: Stomp, Line Pass, Renounce Religion


You were in the Dungeon.
You worshipped Uskayaw.
Uskayaw was pleased with you.
You were not hungry.

You visited 1 branch You collected 1900 gold pieces.

Inventory:

Hand Weapons
 p - a +4 rapier of speed (weapon)
Armour
 c - a +0 buckler (worn)
 z - a +1 robe (worn)
 D - a +1 cloak (worn)
Jewellery
 b - an uncursed ring of fire
 q - a +2 ring of protection (left hand)
 r - a +3 ring of dexterity (right hand)
 A - an uncursed ring of ice
 B - an amulet of magic regeneration (around neck)
 C - an uncursed ring of protection from fire
Wands
 o - a wand of iceblast (7/15)
 y - a wand of digging (8/24)
Scrolls
 k - 2 scrolls of blinking
 m - 6 scrolls of remove curse
 n - 2 scrolls of amnesia
 t - 4 scrolls of identify
 u - 2 scrolls of enchant armour
 v - 4 scrolls of fog
 w - a scroll of fear
 x - a scroll of recharging
Potions
 d - a potion of might
 e - 2 potions of agility
 g - 7 potions of heal wounds
 h - 2 potions of haste
 i - 3 potions of magic
 j - a potion of berserk rage
 l - 5 potions of curing
Comestibles
 f - 12 bread rations
 s - 43 fruits


   Skills:
 - Level 7.4 Fighting
 - Level 15.7 Short Blades
 + Level 15.3 Dodging
 + Level 21.3 Stealth
 + Level 8.6 Shields
 + Level 12.7 Invocations


You had 8 spell levels left.
You knew the following spells:

 Your Spells              Type           Power        Failure   Level  Hunger
a - Blink                 Tloc           N/A          50%         2    ###....


Dungeon Overview and Level Annotations

Branches:
Dungeon (1/1)

Altars:
Cheibriados
Dithmenos
Elyvilon
Fedhas
Gozag
Hepliaklqana
Kikubaaqudgha
Makhleb
Nemelex Xobeh
Okawaru
Qazlal
Ru
Sif Muna
Trog
Uskayaw
Vehumet
Xom
Yredelemnul
Zin
The Shining One
Beogh
Jiyva
Lugonu

Shops:
D :?[}


Innate Abilities, Weirdness & Mutations

You are very small and have problems with some larger weapons.
You are too small for most types of armour.
You have supernaturally acute eyesight. (SInv)
You are a herbivore.
You cover ground extremely quickly.
You need consume almost no food.


Message History

You strike the helpless fire dragon from behind!
You stick the fire dragon like a pincushion!!!
You kill the fire dragon!
The rakshasa weaves an illusion.
The fire dragon shimmers and seems to become two!
You hit the fire dragon.
The fire dragon is lightly wounded.
You hit the fire dragon but do no damage.
The fire dragon is lightly wounded.
The fire dragon bites you! You block the fire dragon's attack.
The fire dragon misses you.
Unknown command.
You stomp with the beat, sending a shockwave through the revelers around you!
The fire dragon is moderately wounded.
You feel somewhat more hungry.
You can no longer merge with and destroy a victim.
The fire dragon breathes flames at you. The blast of flame hits you!
Ouch! That really hurt!
You die...

.'..[[[[.%'..:..†††.††.'....†...†
▓▓▓▓▓▓▓▓▓▓▓▓▓▓▓▓▓▓▓▓▓▓▓▓▓▓▓▓▓▓▓▓▓
.................................
▓▓▓▓▓▓▓▓▓▓▓▓▓▓▓▓▓▓▓▓▓▓▓▓▓▓▓▓▓▓▓▓▓
......'....)∩)∩)∩)∩)))))'...)).))
▓▓▓▓▓▓▓▓▓▓▓▓▓▓▓▓▓▓▓▓▓▓▓▓▓▓▓▓▓▓▓▓▓
.................................
▓▓▓▓▓▓▓▓▓▓▓▓▓▓▓▓▓▓▓▓▓▓▓▓▓▓▓▓▓▓▓▓▓
C.RcgsCDD@.†..†'.......!..
▓▓▓▓▓▓▓▓▓▓▓▓▓▓▓▓▓▓▓▓▓▓▓▓▓▓


You could see 2 fire dragons, a stone giant, a rakshasa, a yaktaur, a boggart
(invisible) and a giant cockroach.

Vanquished Creatures
  A fire dragon (D)
  A centaur warrior (D)
  An ogre mage (D)
  Erica (D)
  4 two-headed ogres (D)
  Urug (D)
  An orc sorcerer (D)
  An orc knight (D)
  An ugly thing (D)
  A manticore (D)
  A black mamba (D)
  2 elephants (D)
  2 spiny frogs (D)
  A komodo dragon (D)
  A troll (D)
  2 polar bears (D)
  2 hippogriffs (D)
  A vampire (D)
  2 yaks (D)
  4 water moccasins (D)
  A soldier ant (D)
  7 black bears (D)
  13 orc warriors (D)
  8 ogres (D)
  2 crocodiles (D)
  3 bullfrogs (D)
  A howler monkey (D)
  2 orc priests (D)
  A jelly (D)
  3 orc wizards (D)
  An iguana (D)
  A worker ant (D)
  An adder (D)
  An adder zombie (D)
  2 dart slugs (D)
  2 leopard geckos (D)
  8 orcs (D)
  A bat (D)
  A bat zombie (D)
  A giant cockroach (D)
  A goblin (D)
  A jackal (D)
  A bat simulacrum (D)
  A giant cockroach zombie (D)
95 creatures vanquished.

Vanquished Creatures (others)
  A troll (D)
  A blink frog (D)
2 creatures vanquished.

Grand Total: 97 creatures vanquished

Notes
Turn   | Place    | Note
-------+----------+-------------------------------------------
     0 | D        | groucho the Spriggan Fighter began the quest for the Orb.
     0 | D        | Reached XP level 1. HP: 11/11 MP: 2/2
     5 | D        | Reached skill level 1 in Stealth
    13 | D        | Reached skill level 5 in Dodging
    13 | D        | Reached skill level 2 in Stealth
    13 | D        | Reached XP level 2. HP: 16/16 MP: 3/3
   349 | D        | Noticed a howler monkey
   372 | D        | Reached skill level 4 in Stealth
   372 | D        | Reached XP level 3. HP: 3/20 MP: 4/4
   378 | D        | Reached skill level 5 in Stealth
   378 | D        | Reached XP level 4. HP: 19/25 MP: 5/5
   383 | D        | Found a roughly hewn altar of Beogh.
   383 | D        | Found a snail-covered altar of Cheibriados.
   383 | D        | Found a shadowy altar of Dithmenos.
   383 | D        | Found a white marble altar of Elyvilon.
   383 | D        | Found a blossoming altar of Fedhas.
   383 | D        | Found an opulent altar of Gozag.
   384 | D        | Found a hazy altar of Hepliaklqana.
   385 | D        | Found a viscous altar of Jiyva.
   386 | D        | Found an ancient bone altar of Kikubaaqudgha.
   387 | D        | Found a corrupted altar of Lugonu.
   388 | D        | Found a burning altar of Makhleb.
   389 | D        | Found a sparkling altar of Nemelex Xobeh.
   390 | D        | Found an iron altar of Okawaru.
   391 | D        | Found a stormy altar of Qazlal.
   392 | D        | Found a sacrificial altar of Ru.
   393 | D        | Found a deep blue altar of Sif Muna.
   394 | D        | Found a bloodstained altar of Trog.
   395 | D        | Found a hide-covered altar of Uskayaw.
   396 | D        | Found a radiant altar of Vehumet.
   398 | D        | Found a shimmering altar of Xom.
   399 | D        | Found a basalt altar of Yredelemnul.
   400 | D        | Found a glowing silver altar of Zin.
   401 | D        | Found a glowing golden altar of the Shining One.
   403 | D        | Became a worshipper of Uskayaw the Reveler
   589 | D        | Noticed a black bear
   591 | D        | Reached skill level 6 in Stealth
   591 | D        | Reached * piety under Uskayaw
   594 | D        | Killed a black bear
   594 | D        | Reached skill level 5 in Short Blades
   594 | D        | Reached skill level 7 in Stealth
   594 | D        | Reached XP level 5. HP: 30/30 MP: 6/6
   594 | D        | Reached ** piety under Uskayaw
   596 | D        | Reached skill level 8 in Stealth
   596 | D        | Reached *** piety under Uskayaw
   600 | D        | Reached skill level 5 in Fighting
   604 | D        | Noticed an orc warrior
   604 | D        | Noticed a centaur warrior
   604 | D        | Noticed a troll
   604 | D        | Noticed an orc warrior
   604 | D        | Noticed a troll
   606 | D        | Killed a troll
   606 | D        | Reached skill level 10 in Dodging
   606 | D        | Reached skill level 10 in Stealth
   606 | D        | Reached skill level 5 in Shields
   606 | D        | Reached XP level 6. HP: 36/36 MP: 7/7
   606 | D        | Reached **** piety under Uskayaw
   608 | D        | Reached ***** piety under Uskayaw
   611 | D        | Killed an orc warrior
   611 | D        | Reached XP level 7. HP: 40/40 MP: 8/8
   612 | D        | Killed a troll
   614 | D        | Reached skill level 11 in Stealth
   619 | D        | Reached ****** piety under Uskayaw
   620 | D        | Killed a centaur warrior
   620 | D        | Reached skill level 12 in Stealth
   620 | D        | Reached XP level 8. HP: 29/46 MP: 9/9
   870 | D        | Noticed a hippogriff
   870 | D        | Noticed a black mamba
   870 | D        | Noticed a hippogriff
   870 | D        | Noticed a komodo dragon
   870 | D        | Noticed a spiny frog
   876 | D        | Reached skill level 1 in Invocations
   881 | D        | Killed a spiny frog
   881 | D        | Reached skill level 10 in Short Blades
   881 | D        | Reached skill level 13 in Stealth
   883 | D        | Noticed a blink frog
   894 | D        | Killed a blink frog
   896 | D        | Reached XP level 9. HP: 50/50 MP: 2/12
   908 | D        | Killed a komodo dragon
   912 | D        | Killed a black mamba
   912 | D        | Reached skill level 14 in Stealth
   919 | D        | Reached skill level 5 in Invocations
  1169 | D        | Noticed a spiny frog
  1169 | D        | Noticed an elephant
  1169 | D        | Noticed an elephant
  1178 | D        | Killed an elephant
  1180 | D        | Killed an elephant
  1180 | D        | Reached skill level 15 in Stealth
  1217 | D        | Reached XP level 10. HP: 45/55 MP: 11/16
  1222 | D        | Killed a spiny frog
  1222 | D        | Reached skill level 16 in Stealth
  1280 | D        | Reached skill level 17 in Stealth
  1291 | D        | Learned a level 2 spell: Blink
  1511 | D        | Noticed Urug
  1518 | D        | Killed Urug
  1577 | D        | Noticed an orc knight
  1610 | D        | Killed an orc knight
  1620 | D        | Noticed an orc sorcerer
  1623 | D        | Reached skill level 18 in Stealth
  1641 | D        | Noticed a sixfirhy
  1644 | D        | Killed an orc sorcerer
  1644 | D        | Reached skill level 10 in Invocations
  1930 | D        | Found Dyenoum's Gadget Boutique.
  1930 | D        | Noticed a two-headed ogre
  1930 | D        | Noticed a two-headed ogre
  1932 | D        | Killed a two-headed ogre
  1932 | D        | Reached skill level 19 in Stealth
  1932 | D        | Reached XP level 11. HP: 58/58 MP: 19/19
  1933 | D        | Found Kaaffia's Armour Shop.
  1937 | D        | Noticed an ogre mage
  1944 | D        | Found Sissu's Magic Scroll Boutique.
  1945 | D        | Killed a two-headed ogre
  1948 | D        | Found Rotan's Book Shop.
  1957 | D        | Killed an ogre mage
  1958 | D        | Noticed a two-headed ogre
  1969 | D        | Reached skill level 15 in Short Blades
  1971 | D        | Noticed a two-headed ogre
  1986 | D        | Killed a two-headed ogre
  1986 | D        | Reached skill level 20 in Stealth
  1999 | D        | Killed a two-headed ogre
  2225 | D        | Noticed Erica
  2232 | D        | Killed Erica
  2550 | D        | Noticed a purple ugly thing
  2554 | D        | Killed a purple ugly thing
  2557 | D        | Reached skill level 21 in Stealth
  2558 | D        | Noticed a fire dragon
  2560 | D        | Noticed a fire dragon
  2565 | D        | Noticed a stone giant
  2575 | D        | Reached skill level 15 in Dodging
  2580 | D        | Noticed a rakshasa
  2581 | D        | Noticed a stone giant
  2619 | D        | Killed a fire dragon
  2623 | D        | Killed from afar by a fire dragon (illusionary)

Skill      XL: |  1  2  3  4  5  6  7  8  9 10 11 |
---------------+----------------------------------+-----
Stealth        | 2 4 5 7 10 12 13 15 19 21 | 21.3
Dodging        | 5 6 8 10 12 13 14 15 | 15.3
Short Blades   | 3 4 5 7 9 10 11 14 15 | 15.7
Fighting       | 3 4 5 6 7 |  7.4
Shields        | 3 4 5 6 7 8 |  8.6
Invocations    | 3 6 10 12 | 12.7

Action                   |  1- 3 |  4- 6 |  7- 9 | 10-12 || total
-------------------------+-------+-------+-------+-------++-------
Melee: Rapier            |    35 |    10 |    90 |   250 ||   385
Invok: Line Pass         |       |       |     5 |     9 ||    14
       Stomp             |       |       |       |     1 ||     1
  Use: Potion            |     2 |     1 |     2 |     1 ||     6
       Scroll            |       |       |       |     2 ||     2
 Stab: Sleeping          |     2 |     7 |       |    11 ||    20
       Distracted        |     1 |       |       |       ||     1
       Invisible         |       |     1 |     3 |       ||     4
       Paralysed         |       |       |     3 |    13 ||    16
       Confused          |       |       |     2 |     5 ||     7
  Eat: Bread ration      |       |       |       |     1 ||     1
Armor: Robe              |       |     1 |       |     2 ||     3
Dodge: Dodged            |    24 |     2 |    47 |    96 ||   169
Block: Buckler           |     7 |       |    14 |    32 ||    53
